 Dungeon Crawl Stone Soup version 0.25-a0-479-g8579842fd4 (webtiles) character file.

Game seed: 2809159125055949223, levelgen mode: deterministic

422 Error4North the Chopper (level 6, 0/52 HPs)
             Began as a Hill Orc Fighter on Feb 10, 2020.
             Slain by a killer bee (6 damage)
             ... on level 5 of the Dungeon.
             The game lasted 00:16:22 (5126 turns).

Error4North the Chopper (Hill Orc Fighter)          Turns: 5126, Time: 00:16:22

Health: 0/52       AC: 12    Str: 18 (21) XL:     6   Next: 95%
Magic:  7/7        EV:  1    Int:  6 (8)  God:
Gold:   268        SH: 17    Dex: 12 (13) Spells: 7/7 levels left

rFire    . . .     SeeInvis .   a - +0 war axe
rCold    . . .     Gourm    .   B - +0 large shield
rNeg     + . .     Faith    .   r - +0 plate armour
rPois    .         Spirit   .   (helmet restricted)
rElec    .         Reflect  +   (no cloak)
rCorr    .         Harm     .   (no gloves)
MR       .....                  (no boots)
Stlth    ..........             w - +3 amulet of reflection
HPRegen  0.17/turn              A - +3 ring of dexterity
MPRegen  0.10/turn              z - ring of positive energy

@: flying
A: horns 1, mutation resistance 1
a: no special abilities


You were on level 5 of the Dungeon.
You were hungry.

You visited 1 branch of the dungeon, and saw 5 of its levels.

You collected 268 gold pieces.

Inventory:

Hand Weapons
 a - a +0 war axe (weapon)
 k - a +2 hunting sling of flaming
Missiles
 n - 59 sling bullets
Armour
 r - a +0 plate armour (worn)
 s - a +0 helmet
 B - a +0 large shield (worn)
Jewellery
 t - an uncursed amulet of the gourmand
 w - a +3 amulet of reflection (around neck)
 y - an uncursed ring of flight
 z - a ring of positive energy (right hand)
 A - a +3 ring of dexterity (left hand)
Wands
 x - a wand of iceblast (12)
Scrolls
 b - 2 scrolls of teleportation {unknown}
 c - 2 scrolls of fog {unknown}
 d - 2 scrolls of immolation {unknown}
 g - 2 scrolls of enchant weapon {unknown}
 h - a scroll of enchant armour {unknown}
 j - 4 scrolls of magic mapping {unknown}
 l - 7 scrolls of remove curse
 p - a scroll of blinking {unknown}
 q - 3 scrolls of identify {unknown}
Potions
 i - a potion of mutation
 o - 2 potions of flight
 v - a potion of lignification {unknown}
Comestibles
 f - 9 rations


   Skills:
 + Level 4.1 Fighting
 + Level 5.4 Axes
 * Level 5.2 Armour
 + Level 0.6 Dodging
 * Level 4.8 Shields
 * Level 1.2 Spellcasting
 * Level 0.5 Evocations


You had 7 spell levels left.
You didn't know any spells.
Your spell library contained the following spells:

 Spells                   Type           Power        Failure   Level  Hunger
 Freeze                   Ice            #...         100%        1    ##.....
 Frozen Ramparts          Ice            #.....       100%        3    ####...
 Ozocubu's Armour         Chrm/Ice       #.......     100%        3    ####...
 Hailstorm                Conj/Ice       #.......     100%        4    #####..
 Summon Ice Beast         Ice/Summ       #.......     100%        4    #####..


Dungeon Overview and Level Annotations

Branches:
Dungeon (5/15)
 Temple: D:4-7

Altars:
Dithmenos
Fedhas
Gozag
Hepliaklqana
Kikubaaqudgha
Trog
Xom
Yredelemnul


Innate Abilities, Weirdness & Mutations

You have a pair of small horns on your head.
You are somewhat resistant to further mutation.


Message History

You feel better. You block the killer bee's attack. The killer bee stings you.
* * * LOW HITPOINT WARNING * * *
The killer bee stings you but does no damage.
You block the killer bee's attack.
The killer bee stings you but does no damage.
You block the killer bee's attack.
It was a potion of degeneration.
There was something very wrong with that liquid.
You feel weakened.
You feel dopey.
You feel clumsy.
You block the killer bee's attack. x2; The killer bee stings you.
* * * LOW HITPOINT WARNING * * *
The killer bee stings you but does no damage. x2
The killer bee stings you.
* * * LOW HITPOINT WARNING * * *
It was a potion of flight.
You feel very buoyant.
You fly up into the air.
You block the killer bee's attack. x2
The killer bee stings you but does no damage. x3
The killer bee stings you.
You die...

#.......### #..
#.###......###.##
#.#
##.<........## #.
##......##..### #
#.....#####..## #
#.....# ##... #.
##....## ##.#
#.###.....# ##.#
#y@#...#.## ##...
##yy......##
#.... ##y.......#
#..###
#..#####.....# #
...## #..#.
#....# ...#
##.... >. #.... .
.#### .


You could see 4 killer bees.

Vanquished Creatures
  A howler monkey (D:3)
  A centaur zombie (D:5)
  An orc priest (D:5)
  Crazy Yiuf (D:5)
  A bullfrog skeleton (D:5)
  Terence (D:3)
  2 worker ants
  A worker ant zombie (D:5)
  7 adders
  A shadow imp (D:2)
  2 worms
  2 dart slugs
  A leopard gecko (D:2)
  10 orcs
  2 giant cockroaches
  4 goblins
  6 hobgoblins
  20 jackals
  2 kobolds (D:2)
  3 quokkas
  2 ball pythons (D:3)
  8 bats
  6 frilled lizards
  A leopard gecko skeleton (D:2)
  14 rats
100 creatures vanquished.

Notes
Turn   | Place    | Note
-------+----------+-------------------------------------------
     0 | D:1      | Error4North the Hill Orc Fighter began the quest for the
                  | Orb.
     0 | D:1      | Reached XP level 1. HP: 19/19 MP: 1/1
   633 | D:1      | Reached XP level 2. HP: 27/27 MP: 2/2
   713 | D:2      | Found a hazy altar of Hepliaklqana.
   808 | D:2      | Reached XP level 3. HP: 7/33 MP: 3/3
  1290 | D:2      | Reached XP level 4. HP: 28/40 MP: 4/4
  1502 | D:2      | Found a faded altar of an unknown god.
  1874 | D:3      | Found a shimmering altar of Xom.
  2036 | D:3      | Noticed Terence
  2047 | D:3      | Killed Terence
  2047 | D:3      | Reached XP level 5. HP: 32/46 MP: 5/5
  2315 | D:3      | Found a shimmering altar of Xom.
  2315 | D:3      | Found a shimmering altar of Xom.
  2317 | D:3      | Found a shimmering altar of Xom.
  2318 | D:3      | Found a shimmering altar of Xom.
  2322 | D:3      | Found a shimmering altar of Xom.
  2324 | D:3      | Found a shimmering altar of Xom.
  2482 | D:3      | Found an ancient bone altar of Kikubaaqudgha.
  2483 | D:3      | Found a blossoming altar of Fedhas.
  3251 | D:4      | Found a shadowy altar of Dithmenos.
  3251 | D:4      | Found a basalt altar of Yredelemnul.
  3251 | D:4      | Found an opulent altar of Gozag.
  3251 | D:4      | Found a bloodstained altar of Trog.
  3852 | D:4      | Reached skill level 5 in Axes
  3852 | D:4      | Reached XP level 6. HP: 44/52 MP: 7/7
  4124 | D:5      | Entered Level 5 of the Dungeon
  4187 | D:5      | Reached skill level 1 in Spellcasting
  4470 | D:5      | Reached skill level 5 in Armour
  4888 | D:5      | Found a runed translucent door.
  4889 | D:5      | Noticed Crazy Yiuf
  4896 | D:5      | Killed Crazy Yiuf
  5122 | D:5      | Gained mutation: You are somewhat resistant to further
                  | mutation. [potion of mutation]
  5122 | D:5      | Gained mutation: You have a pair of small horns on your
                  | head. [potion of mutation]
  5126 | D:5      | Slain by a killer bee

Levels and vault maps discovered:
D:1:      dpeg_arrival_arbitrary_a, layout_loops_ring
D:2:      minmay_angry_zag, layout_rooms, old_standard_altar,
          chequers_ecumenical_altar_simple_redux, first_ration,
          chequers_mini_garden, minmay_puff
D:3:      layout_loops_ring, grunt_temple_overflow_growth_and_decay,
          xom_redecorated, minmay_splitting_lines, uniq_terence
D:4:      minmay_general_purpose_star, layout_basic,
          chequers_temple_overflow_statue_of_worship
D:5:      layout_layer_cave, kennysheep_mini, uniq_crazy_yiuf_cottage

Skill      XL: |  1  2  3  4  5  6 |
---------------+-------------------+-----
Armour         | 4 5 |  5.2
Axes           | 3 4 5 |  5.4
Fighting       | 4 |  4.1
Shields        | 4 |  4.8
Spellcasting   | 1 |  1.2
Dodging        | |  0.6
Evocations     | |  0.5

Action                   |  1- 3 |  4- 6 || total
-------------------------+-------+-------++-------
Melee: War axe           |    97 |   258 ||   355
 Fire: Hunting sling     |       |     4 ||     4
  Use: Potion            |       |     7 ||     7
       Scroll            |       |     1 ||     1
  Eat: Chunk             |     1 |     9 ||    10
       Ration            |       |     1 ||     1
Armor: Scale mail        |    61 |    29 ||    90
       Plate armour      |       |   148 ||   148
Dodge: Dodged            |    31 |    43 ||    74
Block: Shield            |    65 |   108 ||   173
       Large shield      |       |   113 ||   113
       Reflection        |       |     2 ||     2

Table legend:
 A = Non-vault XP
 B = Vault XP
 C = Vault XP percentage of total XP
 D = Non-vault monster count
 E = Vault monster count
 F = Vault count percentage of total count
                 A         B        C        D         E       F
            +---------+---------+-------+---------+---------+-------
      Total |     464 |     139 |  23.1 |      88 |      12 |  12.0
            +---------+---------+-------+---------+---------+-------
        D:1 |      17 |       0 |   0.0 |      12 |       0 |   0.0
        D:2 |      66 |      21 |  24.1 |      25 |       7 |  21.9
        D:3 |     100 |      36 |  26.5 |      22 |       1 |   4.3
        D:4 |      44 |      41 |  48.2 |       9 |       3 |  25.0
        D:5 |     237 |      41 |  14.7 |      20 |       1 |   4.8
            +---------+---------+-------+---------+---------+-------
